 Dungeon Crawl Stone Soup version 0.17.1-3-g152610e (webtiles) character file.

85262 juanjsm the Unseen (level 15, 0/73 HPs)
             Began as a Spriggan Enchanter on Mar 30, 2016.
             Was the Champion of Ashenzari.
             Slain by a halberd of distortion (7 damage)
             ... on level 2 of the Elven Halls on Mar 31, 2016.
             The game lasted 04:10:01 (26108 turns).

juanjsm the Unseen (Spriggan Enchanter)            Turns: 26108, Time: 04:10:02

Health: 0/73       AC: 10    Str:  4    XL:     15   Next: 37%
Magic:  25/33      EV: 32    Int: 26    God:    Ashenzari [******]
Gold:   1563       SH: 12    Dex: 17    Spells: 10 memorised, 5 levels left

rFire  + + .     SeeInvis +     z - +7 dagger (curse)
rCold  + . .     Clarity  +     A - +1 robe {rF+} (curse)
rNeg   . . .     SustAt   .     n - +3 buckler (curse)
rPois  +         Gourm    .     B - +0 hat {MR+} (curse)
rElec  .         Spirit   .     r - +2 cloak {MR+} (curse)
rCorr  .         Warding  .     (gloves unavailable)
rMut   .         Stasis   .     (boots unavailable)
MR     ++++.                    (no amulet)
Stlth  +++++++++.               S - ring "Kywiqafa" {rC+ Int+3 Slay-3} (curse)
                                p - ring of protection from fire (curse)

@: deflect missiles, very quick, incredibly resistant to hostile enchantments,
incredibly stealthy
A: unfitting armour, thin metallic scales 1, yellow scales 1, see invisible,
berserk 1, herbivore 3, speed 3, mutation resistance 1, poison resistance, slow
regeneration 1, slow metabolism 2
a: Scrying, Transfer Knowledge, Renounce Religion


You were on level 2 of the Elven Halls.
You worshipped Ashenzari.
Ashenzari was exalted by your worship.
You were not hungry.

You visited 5 branches of the dungeon, and saw 24 of its levels.

You collected 2720 gold pieces.
You spent 1157 gold pieces at shops.

Inventory:

Hand Weapons
 z - a cursed +7 dagger (weapon)
Armour
 b - a +2 robe of positive energy
 n - a cursed +3 buckler (worn)
 r - a cursed +2 cloak of magic resistance (worn)
 A - a cursed +1 robe of fire resistance (worn)
 B - a cursed +0 hat of magic resistance (worn)
 C - a +2 robe of cold resistance
Jewellery
 i - a +2 ring of intelligence
 p - a cursed ring of protection from fire (left hand)
 F - an uncursed ring of sustain attributes
 K - a +4 ring of intelligence
 M - an uncursed ring of protection from magic
 O - a cursed ring of teleportation
 S - the cursed ring "Kywiqafa" (right hand) {rC+ Int+3 Slay-3}
   (You found it on level 7 of the Lair of Beasts)

   [ring of protection from cold]

   It affects your intelligence (+3).
   It affects your accuracy and damage with ranged weapons and melee attacks
   (-3).
   It protects you from cold.
   It has a curse placed upon it.
 X - an uncursed ring of protection from cold
Wands
 a - a wand of draining (4)
 j - a wand of heal wounds (9)
 q - a wand of polymorph (15)
 u - a wand of disintegration (7)
 v - a wand of slowing (22)
 I - a wand of paralysis (8)
 P - a wand of lightning (12)
 T - a wand of teleportation (8)
Scrolls
 e - 17 scrolls of identify
 g - 7 scrolls of teleportation
 k - a scroll of fear
 l - 6 scrolls of magic mapping
 m - 2 scrolls of blinking
 s - 3 scrolls of amnesia
 w - 3 scrolls of fog
 D - 5 scrolls of curse armour
 E - 2 scrolls of curse weapon
 Q - 4 scrolls of remove curse
 U - a scroll of silence
 V - 3 scrolls of recharging
 W - a scroll of summoning
Potions
 c - a potion of flight
 h - 4 potions of magic
 t - 7 potions of curing
 H - a potion of haste
 J - a potion of agility
 L - a potion of heal wounds
 N - a potion of might
 R - 4 potions of lignification
 Z - a potion of resistance
Books
 y - the Tome of Summoning and Execration
   (You found it on level 1 of the Elven Halls)

   Spells                             Type                      Level
   a - Summon Guardian Golem          Hexes/Summoning              3
   b - Call Canine Familiar           Summoning                    3
   c - Summon Mana Viper              Hexes/Summoning              5
   d - Shadow Creatures               Summoning                    5
Miscellaneous
 f - a fan of gales
 G - a lantern of shadows
Comestibles
 d - 11 bread rations
 o - 8 royal jellies
 x - 54 fruits


   Skills:
 * Level 5.7 Fighting
 - Level 7.9(12.4) Short Blades
 + Level 12.2(16.3) Dodging
 * Level 20.4(23.9) Stealth
 - Level 5.9(9.0) Shields
 * Level 13.4 Spellcasting
 + Level 1.5(3.6) Conjurations
 * Level 13.0(15.6) Hexes
 * Level 8.4(11.4) Charms
 + Level 1.5(3.5) Translocations
 + Level 4.1(6.9) Ice Magic
 * Level 1.0(2.7) Air Magic
 * Level 8.4(11.4) Evocations


You had 5 spell levels left.
You knew the following spells:

 Your Spells              Type           Power        Failure   Level  Hunger
a - Corona                Hex            #######      0%          1    None
b - Ensorcelled Hibernat  Hex/Ice        ######       1%          2    None
c - Confuse               Hex            #######.     0%          3    None
d - Dazzling Spray        Conj/Hex       ######..     1%          3    None
e - Apportation           Tloc           #####.....   1%          1    None
f - Silence               Hex/Air        ######....   1%          5    ##.....
g - Deflect Missiles      Chrm/Air       ######....   34%         6    #####..
h - Blink                 Tloc           N/A          1%          2    None
i - Haste                 Chrm           ######..     6%          6    #####..
j - Darkness              Hex            #######...   1%          6    #####..


Dungeon Overview and Level Annotations

Branches:
Dungeon (9/15)             Temple (1/1) D:6            Lair (8/8) D:8
 Shoals (0/4) Lair:3       Spider (0/4) Lair:6        Slime (0/6) Lair:7
    Orc (4/4) D:9             Elf (2/3) Orc:3

Altars:
Ashenzari
Cheibriados
Dithmenos
Elyvilon
Fedhas
Kikubaaqudgha
Makhleb
Nemelex Xobeh
Okawaru
Qazlal
Ru
Sif Muna
Trog
Vehumet
Xom
Yredelemnul
Zin
The Shining One
Beogh
Jiyva
Lugonu

Shops:
D:9 *   Orc:1 !   Orc:4 *[(:

Annotations:
D:5 Menkaure


Innate Abilities, Weirdness & Mutations

You are tiny and cannot use many weapons and most armour.
You have supernaturally acute eyesight.
You are a herbivore.
You cover ground extremely quickly.
You need consume almost no food.
You are partially covered in thin metallic scales (AC +2).
You are partially covered in yellow scales (AC +2).
You tend to lose your temper in combat.
You are somewhat resistant to further mutation.
Your system is resistant to poisons.
You regenerate slowly when monsters are visible.


Message History

The halberd of distortion is lightly damaged.
Casting: Dazzling Spray
Confirm with . or Enter, or press ? or * to list all spells.
Aiming: Dazzling Spray
Press: ? - help, Shift-Dir - straight line, f/p - halberd of distortion
Aim: a halberd of distortion The spray of energy hits the halberd of distortion.
The halberd of distortion is heavily damaged.
The halberd of distortion hits you from afar!!
Space warps horribly around you!
Casting: Dazzling Spray
Confirm with . or Enter, or press ? or * to list all spells.
Aiming: Dazzling Spray
Press: ? - help, Shift-Dir - straight line, f/p - halberd of distortion
Aim: a halberd of distortion (moderately damaged)
The spray of energy misses the halberd of distortion.
The halberd of distortion hits you from afar!!
* * * LOW HITPOINT WARNING * * *
Space bends around you.
You die...

##'.....).## #.........#
##' ##.##......#
#.........###.#
##.########.##
############.## #.## #..#
##.## .## ##.## ##.## ##
#..# ##.## # ##.## ####.##
# ######..########.#'## ##
#........@.........# ##.
#...#.....#...)....#####..
#..*##..(###.))..).'...'..
#.## ##.## ##.##.#######.)
#..###...###..#### ##.
#...#.....#...# ##'#
#........)....# ####.##
#...#.....#...# #.#.##
#..###...###..# ##.'##


You could see a halberd of distortion.

Vanquished Creatures
  The ghost of nublet the Wrestler, an adept MiMo of Ashenzari (Orc:3)
  Gastronok (Lair:3)
  2 deep elf sorcerers (Elf:2)
  An orc warlord (Orc:4)
  A deep elf demonologist (Elf:1)
  5 dire elephants (Lair:8)
  A hydra (Lair:6)
  An anaconda (Lair:8)
  A dancing weapon (Elf:2)
  A death yak (Lair:7)
  2 orc high priests (Orc:4)
  12 deep elf knights
  3 fire crabs
  A fire crab (shapeshifter) (Elf:2)
  9 deep elf summoners
  The ghost of nublet the Grappler, a novice TrMo of Kikubaaqudgha (D:7)
  12 deep elf conjurers
  2 orc sorcerers
  21 elephants
  A siren (Lair:3)
  7 black mambas
  6 torpor snails
  3 komodo dragons
  12 spiny frogs
  4 fire drakes
  7 deep elf priests
  3 trolls
  A queen bee (Lair:5)
  Prince Ribbit (D:5)
  24 blink frogs
  3 trapdoor spiders (Lair:6)
  3 basilisks
  19 deep elf magi
  25 deep elf fighters
  27 yaks
  8 hippogriffs
  2 hungry ghosts
  The ghost of azaza322 the Shield-Bearer, an amateur GrFi (D:4)
  7 wargs
  9 wolves
  2 soldier ants (D:8)
  7 porcupines
  Duvessa (D:5)
  A spider (shapeshifter) (Elf:1)
  11 water moccasins
  26 orc warriors
  A sky beast (D:8)
  3 black bears
  2 phantoms
  11 ogres
  A centaur (D:7)
  9 crocodiles
  A brain worm (D:8)
  Blork the orc (D:4)
  5 giant frogs
  Dowan (D:5)
  3 scorpions
  25 killer bees
  7 electric eels
  5 crimson imps
  A giant frog skeleton (D:9)
  2 giant frog zombies
  5 hounds
  33 orc wizards
  Crazy Yiuf (D:3)
  5 jellies
  10 iguanas
  21 orc priests
  Jessica (D:2)
  A centaur skeleton (D:3)
  12 worker ants
  20 sheep
  A hound skeleton (D:5)
  3 hound zombies
  6 gnolls
  36 river rats
  9 adders
  A shadow imp (D:7)
  3 oozes
  An adder skeleton (D:4)
  2 worms
  3 giant geckos
  165 orcs
  A ball python (D:1)
  2 giant cockroaches (D:3)
  4 hobgoblins
  7 jackals
  8 kobolds
  2 quokkas
  7 bats
  3 giant newts (D:4)
  8 goblins
  2 goblin skeletons (D:5)
  6 hobgoblin zombies (D:5)
  A jackal zombie (D:5)
  A kobold skeleton (D:5)
  An orc zombie (D:5)
  A quokka zombie (D:5)
  7 rats
  2 plants (Lair:8)
779 creatures vanquished.

Vanquished Creatures (others)
  An orc (D:8)
  A jackal (D:8)
  2 fungi (Lair:3)
  7 plants
11 creatures vanquished.

Grand Total: 790 creatures vanquished

Notes
Turn   | Place    | Note
--------------------------------------------------------------
     0 | D:1      | juanjsm the Spriggan Enchanter began the quest for the Orb.
     0 | D:1      | Reached XP level 1. HP: 9/9 MP: 5/5
   199 | D:1      | Reached XP level 2. HP: 7/13 MP: 6/6
   233 | D:1      | Learned a level 2 spell: Ensorcelled Hibernation
   550 | D:2      | Reached skill level 5 in Stealth
   575 | D:2      | Noticed Jessica
   582 | D:2      | Killed Jessica
   582 | D:2      | Reached XP level 3. HP: 16/16 MP: 2/8
   587 | D:2      | Learned a level 3 spell: Confuse
   618 | D:2      | Found a sparkling altar of Nemelex Xobeh.
   817 | D:2      | Reached XP level 4. HP: 21/21 MP: 7/10
   939 | D:2      | Found a bloodstained altar of Trog.
   962 | D:2      | Reached skill level 6 in Stealth
   967 | D:2      | Learned a level 3 spell: Dazzling Spray
  1106 | D:3      | Noticed Crazy Yiuf
  1111 | D:3      | Killed Crazy Yiuf
  1222 | D:3      | Reached XP level 5. HP: 22/24 MP: 3/11
  1410 | D:3      | Found an ancient bone altar of Kikubaaqudgha.
  1503 | D:3      | Reached skill level 7 in Stealth
  1549 | D:3      | Gained mutation: You are partially covered in thin metallic scales (AC +2). [potion of beneficial mutation]
  1675 | D:4      | Reached XP level 6. HP: 24/28 MP: 6/12
  1708 | D:4      | Noticed azaza322's ghost (amateur GrFi)
  2041 | D:4      | Killed azaza322's ghost
  2041 | D:4      | Reached skill level 8 in Stealth
  2041 | D:4      | Reached skill level 5 in Hexes
  2041 | D:4      | Reached skill level 1 in Ice Magic
  2118 | D:4      | Noticed Blork the orc
  2121 | D:4      | Killed Blork the orc
  2676 | D:5      | Entered Level 5 of the Dungeon
  2730 | D:5      | Found a glowing golden altar of the Shining One.
  2730 | D:5      | Noticed Duvessa
  2739 | D:5      | Noticed Dowan
  2777 | D:5      | Killed Duvessa
  2777 | D:5      | Reached skill level 9 in Stealth
  2777 | D:5      | Reached XP level 7. HP: 32/32 MP: 1/14
  2801 | D:5      | Killed Dowan
  2996 | D:5      | Noticed Menkaure
  3167 | D:5      | Noticed Prince Ribbit
  3695 | D:5      | Reached skill level 5 in Dodging
  3879 | D:5      | Noticed a fire elemental
  3882 | D:5      | Found a stormy altar of Qazlal.
  3885 | D:5      | Noticed an air elemental
  3982 | D:5      | Noticed a water elemental
  4254 | D:5      | Killed Prince Ribbit
  4254 | D:5      | Reached skill level 10 in Stealth
  4254 | D:5      | Reached skill level 5 in Spellcasting
  4254 | D:5      | Reached skill level 1 in Evocations
  4254 | D:5      | Reached XP level 8. HP: 36/36 MP: 9/16
  4481 | D:6      | Reached skill level 1 in Shields
  4508 | D:6      | Found a staircase to the Ecumenical Temple.
  4516 | Temple   | Entered the Ecumenical Temple
  4541 | Temple   | Became a worshipper of Ashenzari the Shackled
  4597 | D:6      | Found a shadowy altar of Dithmenos.
  4901 | D:6      | Reached skill level 11 in Stealth
  5099 | D:7      | Noticed nublet's ghost (novice TrMo)
  5139 | D:7      | Found an iron altar of Okawaru.
  5404 | D:7      | Found a blossoming altar of Fedhas.
  5593 | D:7      | Killed nublet's ghost
  5593 | D:7      | Reached skill level 12 in Stealth
  5593 | D:7      | Reached XP level 9. HP: 31/39 MP: 0/19
  6443 | D:8      | Found a radiant altar of Vehumet.
  6656 | D:8      | Found a burning altar of Makhleb.
  7028 | D:8      | Reached XP level 10. HP: 44/44 MP: 19/22
  7049 | D:8      | Reached * piety under Ashenzari
  7050 | D:8      | Found a staircase to the Lair.
  7140 | D:8      | Reached skill level 5 in Evocations
  7151 | D:8      | Reached skill level 13 in Stealth
  7217 | D:8      | Reached skill level 5 in Short Blades
  7656 | Lair:1   | Entered Level 1 of the Lair of Beasts
  7659 | D:8      | Identified the +6 chain mail of Beyond {MP+9 Str+3 Int-3 Slay+5}
  7792 | Lair:1   | Got the scimitar of Leuw {holy, *Confuse rC+ Dex+6}
  8985 | Lair:2   | Reached ** piety under Ashenzari
  9244 | Lair:2   | Reached skill level 14 in Stealth
  9265 | Lair:2   | Reached XP level 11. HP: 35/47 MP: 8/24
  9964 | Lair:3   | Found a staircase to the Shoals.
 10008 | Lair:3   | Learned a level 1 spell: Apportation
 10035 | Lair:3   | Reached *** piety under Ashenzari
 10235 | Lair:3   | Noticed Gastronok
 10253 | Lair:3   | Killed Gastronok
 10253 | Lair:3   | Reached skill level 1 in Fighting
 10253 | Lair:3   | Reached skill level 15 in Stealth
 11096 | Lair:4   | Reached skill level 10 in Hexes
 11096 | Lair:4   | Reached XP level 12. HP: 54/54 MP: 23/26
 11253 | Lair:4   | Reached skill level 10 in Spellcasting
 11384 | Lair:4   | Identified the +2 scimitar of Leuw {holy, *Confuse rC+ Dex+6} (You found it on level 1 of the Lair of Beasts)
 11438 | Lair:4   | Reached skill level 16 in Stealth
 11463 | Lair:5   | Reached **** piety under Ashenzari
 11540 | Lair:4   | Learned a level 5 spell: Silence
 11547 | Lair:4   | Learned a level 6 spell: Deflect Missiles
 11550 | Lair:4   | Learned a level 2 spell: Blink
 11557 | Lair:4   | Learned a level 6 spell: Haste
 11816 | Lair:5   | Reached skill level 1 in Charms
 12702 | Lair:5   | Reached skill level 1 in Conjurations
 13144 | Lair:6   | Found a snail-covered altar of Cheibriados.
 13291 | Lair:6   | Reached skill level 17 in Stealth
 13548 | Lair:6   | Reached XP level 13. HP: 52/60 MP: 7/28
 13574 | Lair:6   | Reached skill level 10 in Dodging
 13652 | Lair:6   | Reached ***** piety under Ashenzari
 13746 | Lair:6   | Found a hole to the Spider Nest.
 13846 | Lair:6   | Noticed a five-headed hydra
 13879 | Lair:6   | Killed a five-headed hydra
 14348 | Lair:7   | Identified the ring "Kywiqafa" {rC+ Int+3 Slay-3}
 14363 | Lair:7   | Reached skill level 5 in Shields
 14366 | Lair:7   | Found a staircase to the Slime Pits.
 14797 | Lair:7   | Reached skill level 18 in Stealth
 15207 | Lair:8   | Entered Level 8 of the Lair of Beasts
 15210 | Lair:7   | Identified a +0 rod of destruction (14/14) (You found it on level 5 of the Dungeon)
 15395 | Lair:8   | Reached skill level 5 in Charms
 15486 | Lair:8   | Reached skill level 1 in Translocations
 16336 | Lair:8   | Noticed a dire elephant
 16355 | Lair:8   | Noticed a dire elephant
 16363 | Lair:8   | Noticed a dire elephant
 16451 | Lair:8   | Killed a dire elephant
 16606 | Lair:8   | Noticed a dire elephant
 16634 | Lair:8   | Killed a dire elephant
 16844 | Lair:8   | Killed a dire elephant
 16941 | Lair:8   | Noticed a dire elephant
 16941 | Lair:8   | Noticed a dire elephant
 16971 | Lair:8   | Killed a dire elephant
 16982 | Lair:8   | Killed a dire elephant
 17323 | D:9      | Identified the +1 chain mail "Zepp" {Regen+ Str+4}
 17328 | D:9      | Reached XP level 14. HP: 67/67 MP: 30/30
 17358 | D:9      | Found a burning altar of Makhleb.
 17507 | D:9      | Found Neockol's Assorted Antiques.
 17590 | D:9      | Found a deep blue altar of Sif Muna.
 17727 | D:9      | Found a bloodstained altar of Trog.
 17731 | D:9      | Found a staircase to the Orcish Mines.
 17816 | D:9      | Found a snail-covered altar of Cheibriados.
 17930 | D:9      | Bought a scroll of silence for 187 gold pieces
 17930 | D:9      | Bought 2 potions of curing for 150 gold pieces
 17930 | D:9      | Bought a cyan potion for 22 gold pieces
 17930 | D:9      | Bought a scroll of identify for 50 gold pieces
 17930 | D:9      | Bought a scroll of remove curse for 75 gold pieces
 17930 | D:9      | Gained mutation: You are partially covered in yellow scales (AC +2). [potion of mutation]
 17930 | D:9      | Gained mutation: You regenerate slowly when monsters are visible. [potion of mutation]
 17930 | D:9      | Gained mutation: You tend to lose your temper in combat. [potion of mutation]
 17931 | D:9      | Gained mutation: Your system is resistant to poisons. [potion of mutation]
 17932 | D:9      | Gained mutation: You are somewhat resistant to further mutation. [potion of mutation]
 17977 | D:9      | Learned a level 6 spell: Darkness
 18019 | D:9      | Found a viscous altar of Jiyva.
 18234 | Orc:1    | Entered Level 1 of the Orcish Mines
 18283 | Orc:1    | Reached ****** piety under Ashenzari
 18338 | Orc:1    | Found Wilijorch's Distillery.
 18357 | Orc:1    | Bought a potion of flight for 42 gold pieces
 18357 | Orc:1    | Bought a potion of lignification for 42 gold pieces
 18357 | Orc:1    | Bought a potion of curing for 42 gold pieces
 18357 | Orc:1    | Bought a potion of resistance for 140 gold pieces
 18357 | Orc:1    | Bought 2 potions of lignification for 84 gold pieces
 19626 | Orc:3    | Found a staircase to the Elven Halls.
 19670 | Orc:3    | Noticed nublet's ghost (adept MiMo)
 20174 | Orc:3    | Killed nublet's ghost
 20174 | Orc:3    | Reached skill level 19 in Stealth
 20230 | Orc:4    | Entered Level 4 of the Orcish Mines
 20735 | Orc:4    | Found a roughly hewn altar of Beogh.
 20769 | Orc:4    | Found a roughly hewn altar of Beogh.
 21005 | Orc:4    | Found a roughly hewn altar of Beogh.
 21405 | Orc:4    | Found a roughly hewn altar of Beogh.
 21469 | Orc:4    | Found a roughly hewn altar of Beogh.
 21520 | Orc:4    | Found Tutiukee's Book Shop.
 21559 | Orc:4    | Found a roughly hewn altar of Beogh.
 21585 | Orc:4    | Found a roughly hewn altar of Beogh.
 21628 | Orc:4    | Found Tod Log's Assorted Antiques.
 21636 | Orc:4    | Bought a scroll of remove curse for 63 gold pieces
 21636 | Orc:4    | Bought a scroll of remove curse for 63 gold pieces
 21796 | Orc:4    | Found Haecot's Antique Weapon Shoppe.
 21796 | Orc:4    | Noticed an orc warlord
 21860 | Orc:4    | Killed an orc warlord
 22348 | Orc:4    | Found a roughly hewn altar of Beogh.
 22349 | Orc:4    | Found Quughid's Antique Armour Emporium.
 22379 | Orc:4    | Bought a glowing robe for 26 gold pieces
 22379 | Orc:4    | Bought a glowing cloak for 171 gold pieces
 22470 | Elf:1    | Entered Level 1 of the Elven Halls
 22780 | Elf:1    | Reached skill level 5 in Fighting
 24542 | Elf:1    | Identified the Tome of Summoning and Execration
 24589 | Elf:1    | Reached skill level 20 in Stealth
 24656 | Elf:1    | Reached XP level 15. HP: 72/72 MP: 32/32
 25959 | Elf:2    | Reached skill level 1 in Air Magic
 25960 | Elf:2    | Found a runed gate.
 25964 | Elf:2    | Found a runed gate.
 25964 | Elf:2    | Found a runed gate.
 26108 | Elf:2    | Slain by a halberd of distortion

Action                   |  1- 3 |  4- 6 |  7- 9 | 10-12 | 13-15 || total
-------------------------+-------+-------+-------+-------+-------++-------
Melee: Dagger            |    38 |    97 |   253 |   387 |  1126 ||  1901
 Cast: Corona            |     5 |       |     6 |     5 |     7 ||    23
       Ensorcelled Hiber |     9 |     9 |    41 |   130 |   194 ||   383
       Confuse           |     1 |     9 |    31 |    49 |    99 ||   189
       Dazzling Spray    |       |     4 |    18 |    42 |   136 ||   200
       Apportation       |       |       |       |     5 |    18 ||    23
       Darkness          |       |       |       |       |     4 ||     4
       Haste             |       |       |       |       |     3 ||     3
       Deflect Missiles  |       |       |       |       |     3 ||     3
       Blink             |       |       |       |       |     1 ||     1
       Silence           |       |       |       |       |     1 ||     1
Invok: Scrying           |       |       |       |       |     3 ||     3
       Transfer Knowledg |       |       |       |       |     1 ||     1
       End Transfer Know |       |       |       |       |     1 ||     1
Evoke: Wand              |       |       |     2 |       |     3 ||     5
  Use: Scroll            |       |     6 |    15 |     7 |    13 ||    41
       Potion            |       |     5 |     7 |     3 |     7 ||    22
 Stab: Sleeping          |    18 |    27 |    48 |    95 |   187 ||   375
       Confused          |     1 |     8 |    18 |    31 |    54 ||   112
       Invisible         |       |       |     3 |    24 |    52 ||    79
       Distracted        |       |       |     1 |     1 |    14 ||    16
  Eat: Bread ration      |       |     1 |       |       |       ||     1
       Royal jelly       |       |       |     2 |     4 |     7 ||    13
